 Dungeon Crawl Stone Soup version 0.17.0-28-g6e173f8 (console) character file.

163 Kloppie the Firebug (level 5, -4/31 HPs)
             Began as an Octopode Fire Elementalist on Dec 2, 2015.
             Killed from afar by Kloppie's ghost (16 damage)
             ... with a flame tongue
             ... on level 3 of the Dungeon.
             The game lasted 00:05:28 (1891 turns).

Kloppie the Firebug (Octopode Fire Elementalist)    Turns: 1891, Time: 00:05:28

Health: -4/31      AC:  1    Str: 10    XL:     5   Next: 44%
Magic:  9/9        EV: 12    Int: 18    God:
Gold:   73         SH:  0    Dex: 13    Spells: 3 memorised, 1 level left

rFire  . . .     SeeInvis .     o - +2 dagger (drain)
rCold  . . .     Clarity  .     (no shield)
rNeg   . . .     SustAt   .     (helmet restricted)
rPois  .         Gourm    .     (no amulet)
rElec  .         Spirit   .     h - +3 ring of strength
rCorr  .         Warding  .     (no ring)
rMut   .         Stasis   .     (no ring)
MR     .....                    (no ring)
Stlth  +++.......               (no ring)
                                (no ring)
                                (no ring)
                                (no ring)

@: not resistant to hostile enchantments, fairly stealthy
A: almost no armour, amphibious, 8 rings, constrict 8, camouflage 1, gelatinous
body 1
a: no special abilities


You were on level 3 of the Dungeon.
You were not hungry.

You visited 1 branch of the dungeon, and saw 3 of its levels.

You collected 73 gold pieces.

Inventory:

Hand Weapons
 f - a +0 dagger
 o - a +2 dagger of draining (weapon)
Magical Staves
 u - an uncursed staff of summoning
Jewellery
 h - a +3 ring of strength (left tentacle)
Scrolls
 e - 6 scrolls of identify {unknown}
 g - 4 scrolls of teleportation {unknown}
 i - a scroll of fear {unknown}
 m - a scroll of magic mapping {unknown}
 p - a scroll of enchant armour {unknown}
 r - a scroll of blinking {unknown}
Potions
 c - a potion of invisibility {unknown}
 d - a potion of curing {unknown}
 j - a potion of brilliance {unknown}
 k - a potion of heal wounds {unknown}
 q - a potion of magic {unknown}
 s - a potion of agility {unknown}
 t - a potion of cancellation {unknown}
Books
 a - a book of Flames

   Spells                             Type                      Level
   a - Flame Tongue                   Conjuration/Fire             1
   b - Throw Flame                    Conjuration/Fire             2
   c - Conjure Flame                  Conjuration/Fire             3
   d - Inner Flame                    Hexes/Fire                   3
   e - Sticky Flame                   Conjuration/Fire             4
   f - Fireball                       Conjuration/Fire             5
Comestibles
 b - 3 bread rations
 l - a beef jerky
 n - a chunk of flesh


   Skills:
 - Level 2.0 Dodging
 - Level 2.6 Stealth
 - Level 2.7 Spellcasting
 + Level 3.3 Conjurations
 + Level 4.3 Fire Magic


You had one spell level left.
You knew the following spells:

 Your Spells              Type           Power        Failure   Level  Hunger
a - Flame Tongue          Conj/Fire      ###..        3%          1    None
b - Conjure Flame         Conj/Fire      ###.....     12%         3    ###....
c - Sticky Flame          Conj/Fire      ###.....     34%         4    ####...


Dungeon Overview and Level Annotations

Branches:
Dungeon (3/15)

Altars:
Dithmenos
Ru

Annotations:
D:2 Natasha
D:3 Kloppie's ghost, novice OpFE


Innate Abilities, Weirdness & Mutations

You cannot wear most types of armour.
You are amphibious.
You can wear up to eight rings at the same time.
You can use your tentacles to constrict eight enemies at once.
Your skin changes colour to match your surroundings (Stealth).
Your rubbery body absorbs attacks (AC +1).


Message History

You puncture the adder!
You kill the adder!
e - 6 scrolls labeled LUURCH CIRPH (gained 1) Kloppie's ghost (novice Octopode Fire Elementalist) comes into view.
It is wielding a weapon of draining.
Kloppie's ghost moves out of view.
The hobgoblin shouts!
Kloppie's ghost turns its malevolent gaze towards you.
The hobgoblin closely misses you.
You barely miss the hobgoblin. Your grab misses the hobgoblin.
The hobgoblin hits you.
Kloppie's ghost threatens, "I'm fresh out of hellfire, but you will end anyway."
The hobgoblin falls through a shaft!
The shaft crumbles and collapses.
Kloppie's ghost casts a spell at you. The flame tongue hits you!
Ouch! That really hurt!
* * * LOW HITPOINT WARNING * * *
Kloppie's ghost casts a spell at you. The flame tongue hits you!
Ouch! That really hurt!
You die...

##########^#######........
#..........# #...<####
#.########.# ##.######. ### #.#
#.# #.........
##.#####.########.######..######.
#....................W....# #.
.....######.####..######..# #.
......## #.# #.## #..######.
.......# #.# #@# #.........
)..†..## #.# #.#######..#######
.....## #.# #W##.......# ###
#...#### #.# #.##.###...#####..
.......# #.# #....# #..........
.......# #.# ####.###..........
.......####.# #..............
............# ######..#####..
.......###### #..######.


You could see Kloppie's ghost.

Vanquished Creatures
  An orc wizard (D:3)
  Jessica (D:3)
  4 adders
  3 worms (D:2)
  3 giant geckos
  4 ball pythons
  5 bats
  5 giant cockroaches
  11 goblins
  4 hobgoblins
  3 jackals (D:3)
  6 kobolds
  A quokka (D:2)
  3 giant newts
  8 rats
62 creatures vanquished.

Notes
Turn   | Place    | Note
--------------------------------------------------------------
     0 | D:1      | Kloppie the Octopode Fire Elementalist began the quest for the Orb.
     0 | D:1      | Reached XP level 1. HP: 11/11 MP: 3/3
   258 | D:1      | Reached XP level 2. HP: 17/17 MP: 0/5
   824 | D:1      | Reached XP level 3. HP: 21/21 MP: 4/6
   848 | D:1      | Learned a level 3 spell: Conjure Flame
  1041 | D:2      | Found a shadowy altar of Dithmenos.
  1073 | D:2      | Noticed Natasha
  1169 | D:2      | Reached XP level 4. HP: 24/27 MP: 3/8
  1285 | D:2      | Learned a level 4 spell: Sticky Flame
  1681 | D:3      | Noticed Jessica
  1684 | D:3      | Killed Jessica
  1684 | D:3      | Reached skill level 4 in Fire Magic
  1684 | D:3      | Reached XP level 5. HP: 28/31 MP: 6/9
  1731 | D:3      | Found a sacrificial altar of Ru.
  1837 | D:3      | Noticed Kloppie's ghost (novice OpFE)
  1891 | D:3      | Killed from afar by Kloppie's ghost

Action                   |  1- 3 |  4- 6 || total
-------------------------+-------+-------++-------
Melee: Dagger            |    30 |    45 ||    75
 Cast: Flame Tongue      |    32 |     5 ||    37
 Stab: Sleeping          |     3 |     5 ||     8
       Distracted        |       |     2 ||     2
  Eat: Chunk             |     1 |     2 ||     3
